 Dungeon Crawl Stone Soup version 0.30.0-13-g156ef70053 (webtiles) character file.

Game seed: 10997211010963471743

872 Cheops the Carver (level 7, -6/57 HPs)
             Began as a Minotaur Fighter on May 17, 2023.
             Killed by divine providence
             ... invoked by an orc priest
              (11 damage)
             ... on level 6 of the Dungeon.
             The game lasted 00:08:54 (3439 turns).

Cheops the Carver (Minotaur Fighter)                Turns: 3439, Time: 00:08:55

Health: -6/57      AC: 16    Str: 22    XL:     7   Next: 74%
Magic:  6/6        EV: 13    Int:  5    God:
Gold:   157        SH:  9    Dex: 10    Spells: 6/6 levels left

rFire   . . .        a - +0 long sword
rCold   . . .        c - +0 buckler
rNeg    . . .        m - +4 chain mail {Will+}
rPois   .            (helmet restricted)
rElec   .            (no cloak)
rCorr   .            (no gloves)
SInv    .            A - +2 pair of boots {Fly}
Will    +....        v - amulet of reflection Stlth
                     b - +5 ring of evasion
HPRegen 0.29/turn    (no ring)
MPRegen 0.10/turn

%: reflection
@: flying
A: horns 2, retaliatory headbutt
a: no special abilities


You were on level 6 of the Dungeon.
You visited 2 branches of the dungeon, and saw 7 of its levels.
You also visited: Bailey.

You collected 317 gold pieces.
You spent 160 gold pieces at shops.

Inventory:

Hand Weapons
 a - a +0 long sword (weapon)
 B - the +8 hand axe "Leviticus" {antimagic, rElec rC+ Stlth+}
   (You found it on level 6 of the Dungeon)

   rC:        It protects you from cold.
   rElec:     It insulates you from electricity.
   Stlth:     It makes you more stealthy.
Armour
 c - a +0 buckler (worn)
 m - a +4 chain mail of willpower (worn)
 u - a +1 leather armour of poison resistance
 A - a +2 pair of boots of flying (worn)
Jewellery
 b - a +5 ring of evasion (left hand)
 v - an amulet of reflection (around neck)
Wands
 C - a wand of charming (7)
Scrolls
 e - a scroll of brand weapon {unknown}
 f - 2 scrolls of teleportation {unknown}
 h - a scroll of enchant armour {unknown}
 i - a scroll of poison {unknown}
 k - 2 scrolls of enchant weapon {unknown}
 r - a scroll of fog {unknown}
 s - a scroll of magic mapping {unknown}
 t - 2 scrolls of identify {unknown}
 x - a scroll of noise {unknown}
Potions
 d - a potion of might
 g - 3 potions of lignification {unknown}
 j - 4 potions of flight
 l - 3 potions of heal wounds
 n - a potion of magic {unknown}
 o - a potion of haste
 p - a potion of curing {unknown}
 q - a potion of attraction {unknown}
 w - 2 potions of ambrosia {unknown}
 z - a potion of resistance {unknown}
Miscellaneous
 y - a phantom mirror


   Skills:
 - Level 3.6 Fighting
 + Level 10.8 Long Blades
 - Level 3.6 Armour
 - Level 3.6 Shields


You had 6 spell levels left.
You didn't know any spells.
Your spell library contained the following spells:

 Spells                   Type           Power      Damage    Failure   Level
 Shock                    Conj/Air       0%         1d3       99%         1
 Blink                    Tloc           0%         N/A       99%         2
 Ensorcelled Hibernation  Hex/Ice        0%         N/A       99%         2
 Lesser Beckoning         Tloc           0%         N/A       99%         2
 Momentum Strike          Conj/Tloc      0%         3d8       99%         2
 Passwall                 Tmut/Erth      0%         N/A       99%         2
 Summon Guardian Golem    Hex/Summ       0%         N/A       100%        3
 Swiftness                Air            0%         N/A       100%        3
 Airstrike                Air            0%         2d(0-16)  100%        4
 Orb of Destruction       Conj           0%         9d5       100%        7
 Spellforged Servitor     Conj/Summ      0%         N/A       100%        7


Dungeon Overview and Level Annotations

Branches:
Dungeon (7/15)             Temple (1/1) D:6          Bailey (visited)

Altars:
Dithmenos
Gozag
Hepliaklqana
Makhleb
Okawaru
Sif Muna
Trog
Uskayaw
Yredelemnul
Zin
The Shining One

Shops:
D:1 !


Innate Abilities, Weirdness & Mutations

You have a pair of horns on your head.
You reflexively headbutt those who attack you in melee.


Message History

You are too injured to fight recklessly!
You are too injured to fight recklessly!
You are too injured to fight recklessly!
You are too injured to fight recklessly!
You are too injured to fight recklessly!
You are too injured to fight recklessly!
You are too injured to fight recklessly!
You closely miss the steam dragon.
The steam dragon is moderately wounded.
You are engulfed in a cloud of scalding steam.
* * * LOW HITPOINT WARNING * * *
The orc priest mumbles some strange prayers to Beogh against you.
Beogh smites you!
* * * LOW HITPOINT WARNING * * *
The steam dragon bites you.
* * * LOW HITPOINT WARNING * * *
You block the steam dragon's attack.
You completely miss the steam dragon. Your headbutt misses the steam dragon.
The steam dragon is moderately wounded.
You are engulfed in a cloud of scalding steam.
The steam dragon closely misses you.
The steam dragon claws you but does no damage.
The orc priest hits you but does no damage.
The orc wizard hits you but does no damage.
You hit the steam dragon but do no damage.
The steam dragon is moderately wounded.
You are engulfed in a cloud of scalding steam.
The orc barely misses you. The steam dragon misses you.
The steam dragon claws you but does no damage.
The orc priest closely misses you. You block the orc wizard's attack.
You hit the steam dragon but do no damage.
The steam dragon is moderately wounded.
You block the orc's attack. The steam dragon breathes steam at you.
The ball of steam hits you!
* * * LOW HITPOINT WARNING * * *
The orc priest is engulfed in a cloud of scalding steam.
The orc priest calls down the wrath of Beogh upon you.
Beogh smites you!
You die...

.....#......#.#.....#
#....#...#......#.#.#
#.##.....####.#.#.#.#
......#.......#.#.#.#
#.#.#.#.............#
.#.#......######.###
. [ ..............# .
#. .####.#####.ยง#
#@o# #.....Doo#
.......o.# #####.##.#
#. #.# .. .. ## .# .#


You could see a steam dragon (catching breath), 2 orc priests, an orc wizard and
an orc.

Vanquished Creatures
  5 orc warriors (Bailey)
  An orc priest (D:4)
  2 hounds (D:4)
  Terence (D:2)
  An iguana (D:4)
  2 orc wizards (D:4)
  Robin (D:2)
  2 gnolls
  6 adders
  A white imp (D:6)
  An ufetubus (D:6)
  A dart slug (D:1)
  12 orcs
  3 endoplasms
  A giant cockroach (D:1)
  18 goblins
  18 hobgoblins
  4 jackals (D:2)
  20 kobolds
  3 quokkas (D:1)
  6 ball pythons
  6 bats
  2 frilled lizards
  3 rats
120 creatures vanquished.

Notes
Turn   | Place    | Note
-------+----------+-------------------------------------------
     0 | D:1      | Cheops the Minotaur Fighter began the quest for the Orb.
     0 | D:1      | Reached XP level 1. HP: 19/19 MP: 0/0
    46 | D:1      | Reached skill level 3 in Long Blades
   135 | D:1      | Found Wiacvaibb's Distillery.
   154 | D:1      | Reached XP level 2. HP: 26/26 MP: 1/1
   409 | D:1      | Reached skill level 4 in Long Blades
   439 | D:1      | Reached XP level 3. HP: 23/31 MP: 2/2
  1037 | D:2      | Reached skill level 5 in Long Blades
  1100 | D:2      | Reached XP level 4. HP: 39/39 MP: 3/3
  1171 | D:2      | Noticed Robin
  1177 | D:2      | Killed Robin
  1360 | D:2      | Noticed Terence
  1373 | D:2      | Killed Terence
  1374 | D:2      | Reached skill level 6 in Long Blades
  1396 | D:2      | Found an iron altar of Okawaru.
  1630 | D:2      | Reached XP level 5. HP: 45/45 MP: 4/4
  1657 | D:1      | Bought a potion of heal wounds for 50 gold pieces
  1657 | D:1      | Bought a potion of degeneration for 10 gold pieces
  1658 | D:1      | Bought a potion of haste for 100 gold pieces
  2349 | D:4      | Reached skill level 7 in Long Blades
  2363 | D:4      | Reached XP level 6. HP: 44/51 MP: 5/5
  2419 | D:4      | Reached skill level 8 in Long Blades
  2516 | D:4      | You fall into a shaft and drop 3 floors!
  2524 | D:7      | Found a flagged portal.
  2533 | Bailey   | Entered a bailey
  2629 | Bailey   | Noticed an orc warrior
  2643 | Bailey   | Killed an orc warrior
  2644 | Bailey   | Reached skill level 9 in Long Blades
  2668 | Bailey   | Noticed an orc warrior
  2685 | Bailey   | Killed an orc warrior
  2686 | Bailey   | Reached XP level 7. HP: 18/57 MP: 6/6
  2940 | Bailey   | Reached skill level 10 in Long Blades
  3191 | D:6      | Found a staircase to the Ecumenical Temple.
  3205 | D:6      | Identified the +8 hand axe "Leviticus" {antimagic, rElec
                  | rC+ Stlth+}
  3211 | Temple   | Entered the Ecumenical Temple
  3427 | D:6      | Noticed a steam dragon
  3439 | D:6      | Killed from afar by an orc priest

Illustrated notes

Levels and vault maps discovered:
D:1:      psy_arrival_basics, layout_basic, serial_shops,
          nicolae_shop_tiny_glass, minmay_octomino_c4
D:2:      layout_loops_ring, basic_altar, uniq_robin, uniq_terence
D:3:      minmay_evil_eye, layout_loops_ring
D:4:      layout_gridville, nicolae_vehumet_altar_sigil,
          mainiacjoe_overflow_alcove_1
D:6:      layout_basic, minmay_temple_entry_ruins
D:7:      layout_rooms, mainiacjoe_overflow_chevrons, mainiacjoe_overflow_paths,
          enter_bailey_2, nicolae_wooded_promenade, uniq_joseph,
          uniq_crazy_yiuf_cottage
Temple:   bh_familiar_temple

Skill      XL: |  1  2  3  4  5  6  7 |
---------------+----------------------+-----
Long Blades    | 3 4 5 6 7 9 10 | 10.8
Fighting       | |  3.6
Armour         | |  3.6
Shields        | |  3.6

Action                     |  1- 3 |  4- 6 |  7- 9 || total
---------------------------+-------+-------+-------++-------
  Melee: Long sword        |   102 |   152 |    48 ||   302
         Headbutt          |    13 |    20 |    10 ||    43
 Armour: Scale mail        |    40 |    15 |       ||    55
         Chain mail        |       |    49 |    20 ||    69
  Dodge: Dodged            |    47 |   107 |    25 ||   179
  Block: Buckler           |    23 |    54 |    22 ||    99
         Reflection        |       |    19 |     4 ||    23
